 Dungeon Crawl Stone Soup version 0.31-a0-803-g95b03c3367 (webtiles) character file.

Game seed: 506777169753341907

31322 Anon1729 the Fighter (level 13, -1/117 HPs)
             Began as a Minotaur Monk on Sept 21, 2023.
             Was a Priest of Uskayaw.
             Slain by a death yak (14 damage)
             ... on level 3 of the Lair of Beasts.
             The game lasted 00:16:31 (14040 turns).

Anon1729 the Fighter (Minotaur Monk)               Turns: 14040, Time: 00:16:32

Health: -1/117     AC:  9    Str: 17    XL:     13   Next: 25%
Magic:  11/20      EV: 18    Int:  7    God:    Uskayaw [***...]
Gold:   967        SH:  0    Dex: 17    Spells: 12/12 levels left

rFire   . . .        p - +2 rapier (flame)
rCold   . . .        d - orb {light}
rNeg    . . .        r - +0 troll leather armour
rPois   +            (helmet restricted)
rElec   .            G - +1 cloak
rCorr   .            (no gloves)
SInv    +            R - +2 pair of boots of the Orb {SInv}
Will    .....        (no amulet)
Stlth   ++           n - ring of poison resistance
HPRegen 1.19/turn    i - +4 ring of slaying
MPRegen 0.17/turn

%: no passive effects
@: glowing
A: horns 2, retaliatory headbutt
a: Renounce Religion, Stomp, Line Pass


You were on level 3 of the Lair of Beasts.
You worshipped Uskayaw.
Uskayaw was aware of your devotion.
You visited 3 branches of the dungeon, and saw 15 of its levels.
You also visited: Sewer and Gauntlet.

You collected 967 gold pieces.

Inventory:

Hand Weapons
 g - a +0 great sword
 p - a +2 rapier of flaming (weapon)
 O - a +1 scimitar of flaming
 V - the +11 trident of the Turnip {venom, Contam *Rage rElec Dex+9}
   (You took it off a minotaur in a Gauntlet)

   Dex+9:     It affects your dexterity (+9).
   rElec:     It insulates you from electricity.
   *Rage:     It berserks you when you make melee attacks (+20% chance).
   Contam:    It causes magical contamination when unequipped.
Missiles
 M - a curare-tipped dart (quivered)
 W - 5 silver javelins
Armour
 b - a +1 robe
 d - an orb of light (worn)
 r - a +0 troll leather armour (worn)
 G - a +1 cloak (worn)
 P - an orb of mayhem
 R - the +2 pair of boots of the Orb (worn) {SInv}
   (You found it in a Gauntlet)

   SInv:      It lets you see invisible.
 X - the +0 ring mail "Ysilaa Ucott" {rPois Dex+2}
   (You found it in a Gauntlet)

   Dex+2:     It affects your dexterity (+2).
   rPois:     It protects you from poison
Jewellery
 i - a +4 ring of slaying (right hand)
 n - a ring of poison resistance (left hand)
 N - a ring of ice
 S - an amulet of guardian spirit
 U - a ring of ice
Wands
 y - a wand of digging (6)
 C - a wand of acid (6)
 F - a wand of paralysis (10)
 H - a wand of roots (27)
 J - a wand of flame (29)
 K - a wand of mindburst (16)
Scrolls
 a - a scroll of identify
 k - 9 scrolls of teleportation
 m - 2 scrolls of poison
 o - 5 scrolls of enchant armour
 s - a scroll of brand weapon
 t - 2 scrolls of blinking
 u - a scroll of revelation
 v - 2 scrolls of immolation
 x - 3 scrolls of fog
 E - 3 scrolls of noise
 I - a scroll of fear
 L - a scroll of torment {unknown}
 Q - a scroll of enchant weapon {unknown}
 T - a scroll of summoning {unknown}
Potions
 c - 3 potions of ambrosia
 e - 2 potions of lignification {unknown}
 f - a potion of magic {unknown}
 h - 3 potions of invisibility {unknown}
 j - 3 potions of mutation {unknown}
 l - 3 potions of brilliance {unknown}
 q - 3 potions of enlightenment {unknown}
 w - a potion of resistance {unknown}
 z - 4 potions of attraction {unknown}
 A - 8 potions of curing {unknown}
 B - 4 potions of heal wounds {unknown}
 D - a potion of haste {unknown}


   Skills:
 + Level 11.9 Fighting
 + Level 8.7(9.6) Short Blades
 - Level 7.0(9.3) Long Blades
 + Level 8.6 Armour
 + Level 10.6 Dodging
 + Level 6.2 Stealth
 * Level 11.1 Invocations
 + Level 6.1 Evocations


You had 12 spell levels left.
You didn't know any spells.
Your spell library contained the following spells:

 Spells                   Type           Power      Damage    Failure   Level
 Slow                     Hex            0%         N/A       47%         1
 Ensorcelled Hibernation  Hex/Ice        0%         N/A       63%         2
 Jinxbite                 Hex            0%         N/A       63%         2
 Confusing Touch          Hex            0%         N/A       85%         3
 Sigil of Binding         Hex            0%         N/A       85%         3
 Stone Arrow              Conj/Erth      0%         3d7       85%         3
 Vampiric Draining        Necr           0%         2d6       85%         3
 Anguish                  Hex/Necr       0%         N/A       99%         4
 Animate Armour           Summ/Erth      0%         N/A       99%         4
 Lehudib's Crystal Spear  Conj/Erth      0%         10d2      100%        8


Dungeon Overview and Level Annotations

Branches:
Dungeon (11/15)            Temple (1/1) D:7            Lair (3/5) D:8
  Swamp (0/4) Lair:2       Spider (0/4) Lair:3          Orc (0/2) D:11
  Sewer (visited)         Gauntlet (visited)

Altars:
Ashenzari
Cheibriados
Dithmenos
Elyvilon
Fedhas
Gozag
Hepliaklqana
Kikubaaqudgha
Makhleb
Nemelex Xobeh
Okawaru
Qazlal
Ru
Sif Muna
Trog
Uskayaw
Vehumet
Wu Jian
Xom
Yredelemnul
Zin
The Shining One

Shops:
D:11 *

Annotations:
D:5 1 runed translucent door, Gonzollydolly's ghost, novice OpHW
D:11 2 runed translucent doors, WhatIsLove's ghost, journeyman DjFE


Innate Abilities, Weirdness & Mutations

You have a pair of horns on your head.
You reflexively headbutt those who attack you in melee.


Message History

You are too injured to fight recklessly!
You are too injured to fight recklessly!
You are too injured to fight recklessly!
You are too injured to fight recklessly!
You are too injured to fight recklessly!
You are too injured to fight recklessly!
You are too injured to fight recklessly!
You are too injured to fight recklessly!
You are too injured to fight recklessly!
You are too injured to fight recklessly!
You are too injured to fight recklessly!
You hit the death yak. You burn the death yak.
The death yak is moderately wounded.
You hit the death yak. You burn the death yak. You headbutt the death yak.
The death yak is heavily wounded.
You can now merge with and destroy a victim.
You completely miss the death yak.
The death yak is heavily wounded.
The death yak misses you. You furiously retaliate!
You headbutt the death yak. The death yak gores you.
You hit the death yak. You burn the death yak.
The death yak is severely wounded.
The death yak gores you! x2
You stomp with the beat, sending a shockwave through the revellers around you!
The death yak is almost dead.
You kill the death yak!
The death yak is severely wounded.
You can no longer merge with and destroy a victim.
The death yak gores you!!
* * * LOW HITPOINT WARNING * * *
You stomp with the beat, sending a shockwave through the revellers around you!
The death yak is almost dead.
The death yak is no longer sharing its pain.
The death yak gores you!
* * * LOW HITPOINT WARNING * * *
Uskayaw will force your foes to share their pain.
You stomp with the beat, sending a shockwave through the revellers around you!
The death yak is almost dead.
The death yak gores you!
You die...

#..# #.......................
###..# #...#.#..##.##..........
##.#..# #........#..###.........
......####........#.## #.........
....................####.........
####....YY>..P.###.#...#..<......
###...###......#................
#....## #...##Y#................
##....###..###.@...#P#P.........
##....#...# ##...#####.........
###.........# ##..######.........
#.##........# #P..#.#.#..........
............# ##.................
............####......##.........
......................## #.......
.......................###.......
............##..#..##..#..###.##.


You could see a death yak.

Vanquished Creatures
  A minotaur (Gauntlet)
  Fannar (Lair:1)
  A catoblepas (Lair:3)
  A ghost crab (Lair:2)
  A two-headed ogre (D:10)
  Erica (Lair:1)
  A boulder beetle (D:11)
  4 death yaks (Lair:3)
  A pharaoh ant (Lair:3)
  A spectral hydra (Lair:2)
  2 ugly things
  A cyclops (D:11)
  6 elephants (Lair:3)
  A moth of wrath (Gauntlet)
  A smoke demon (Gauntlet)
  7 cane toads
  2 kobold demonologists
  4 rime drakes
  6 komodo dragons
  Jeremiah (Lair:1)
  3 trolls
  4 polar bears
  2 tarantellas (Lair:3)
  8 blink frogs
  Sigmund (D:2)
  A spectral elephant (Lair:2)
  A jumping spider (Lair:3)
  A wraith (D:10)
  4 wyverns
  15 yaks
  3 shadows (Gauntlet)
  A spectral komodo dragon (Lair:2)
  Eustachio (D:4)
  4 basilisks
  A spectral cane toad (Lair:2)
  11 water moccasins
  A sky beast (D:8)
  3 orc warriors
  An ice beast (D:10)
  2 ogres
  A centaur (D:9)
  19 wolves
  2 kobold brigands
  A phantom (D:5)
  7 bullfrogs
  A spectral wyvern (Lair:2)
  A gnoll sergeant (D:8)
  3 scorpions
  4 wights (D:10)
  5 killer bees (D:9)
  3 howler monkeys
  A lava snake (Lair:1)
  4 electric eels (Lair:1)
  4 hounds
  6 jellies
  Crazy Yiuf (D:6)
  A gnoll bouda (D:8)
  5 orc priests
  14 orc wizards
  Natasha (thrice) (D:2)
  A hell rat (Sewer)
  3 centaur simulacra (D:10)
  15 gnolls
  4 adders
  A shadow imp (D:8)
  4 white imps
  2 ufetubi
  A dart slug (D:9)
  44 orcs
  14 endoplasms
  2 giant cockroaches (D:3)
  6 goblins
  6 hobgoblins
  5 jackals
  3 quokkas
  6 ball pythons
  5 bats
  2 frilled lizards
  20 kobolds
  15 rats
357 creatures vanquished.

Notes
Turn   | Place    | Note
-------+----------+-------------------------------------------
     0 | D:1      | Anon1729 the Minotaur Monk began the quest for the Orb.
     0 | D:1      | Reached XP level 1. HP: 19/19 MP: 0/0
   140 | D:1      | Reached XP level 2. HP: 27/27 MP: 1/1
   697 | D:2      | Found a faded altar of an unknown god.
   779 | D:2      | Noticed Sigmund
   784 | D:2      | Reached XP level 3. HP: 30/33 MP: 2/2
   795 | D:2      | Killed Sigmund
   796 | D:2      | Reached skill level 5 in Fighting
   796 | D:2      | Reached skill level 5 in Long Blades
   796 | D:2      | Reached XP level 4. HP: 22/42 MP: 3/3
   796 | D:2      | Reached XP level 5. HP: 25/48 MP: 4/4
   905 | D:2      | Noticed Natasha
   913 | D:2      | Killed Natasha
  1201 | D:2      | Reached skill level 5 in Dodging
  1201 | D:2      | Reached XP level 6. HP: 29/56 MP: 5/5
  1621 | D:2      | Noticed Natasha
  1636 | D:2      | Killed Natasha
  1897 | D:2      | Noticed Natasha
  1902 | D:2      | Killed Natasha
  2312 | D:3      | Found a glowing drain.
  2467 | Sewer    | Entered a sewer
  2788 | D:3      | Reached XP level 7. HP: 55/62 MP: 6/6
  3321 | D:4      | Found a white marble altar of Elyvilon.
  3327 | D:4      | Found a hide-covered altar of Uskayaw.
  3391 | D:4      | Noticed Eustachio
  3406 | D:4      | Killed Eustachio
  3727 | D:4      | Became a worshipper of Uskayaw the Reveller
  3727 | D:4      | Reached * piety under Uskayaw
  3761 | D:5      | Entered Level 5 of the Dungeon
  3767 | D:5      | Reached ** piety under Uskayaw
  3791 | D:5      | Reached skill level 1 in Invocations
  3791 | D:5      | Reached *** piety under Uskayaw
  3798 | D:5      | Reached **** piety under Uskayaw
  4043 | D:5      | You fall into a shaft and drop 1 floor!
  4058 | D:6      | Found a shadowy altar of Dithmenos.
  4111 | D:6      | Reached skill level 1 in Short Blades
  4141 | D:6      | Reached XP level 8. HP: 56/73 MP: 8/8
  4646 | D:6      | Found a broken altar of Ashenzari.
  4697 | D:6      | Found a runed translucent door.
  4698 | D:6      | Noticed Crazy Yiuf
  4985 | D:6      | Killed Crazy Yiuf
  5432 | D:5      | Found a runed translucent door.
  5435 | D:5      | Noticed Gonzollydolly's ghost (novice OpHW)
  6059 | D:7      | Noticed a troll
  6066 | D:7      | Killed a troll
  6342 | D:7      | Found a sacrificial altar of Ru.
  6418 | D:7      | Found a staircase to the Ecumenical Temple.
  6490 | D:7      | Reached XP level 9. HP: 49/81 MP: 11/11
  6887 | D:7      | Reached skill level 1 in Armour
  6924 | D:7      | Found a sparkling altar of Nemelex Xobeh.
  7047 | Temple   | Entered the Ecumenical Temple
  7116 | D:8      | Reached skill level 5 in Invocations
  7151 | D:8      | Reached skill level 1 in Stealth
  7184 | D:8      | Found a staircase to the Lair.
  7187 | D:8      | Found a burning altar of Makhleb.
  7187 | D:8      | Identified the +1 robe of the Turtle {Harm rCorr}
  7439 | D:8      | Reached ***** piety under Uskayaw
  7441 | D:8      | Reached skill level 1 in Evocations
  7466 | D:8      | Identified the +0 robe of Prudence {rF+ rN+}
  7531 | D:8      | Found a radiant altar of Vehumet.
  8114 | D:9      | Found an ornate altar of the Wu Jian Council.
  8119 | D:9      | Found a shimmering blue altar of Sif Muna.
  8124 | D:9      | Found a blossoming altar of Fedhas.
  8217 | D:9      | Noticed a kobold demonologist
  8218 | D:9      | Noticed a green ugly thing
  8227 | D:9      | Killed a green ugly thing
  8231 | D:9      | Noticed a soul eater
  8235 | D:9      | Noticed a rust devil
  8236 | D:9      | Killed a kobold demonologist
  8237 | D:9      | Reached XP level 10. HP: 47/91 MP: 13/13
  8240 | D:9      | Reached ****** piety under Uskayaw
  8310 | D:9      | Reached skill level 5 in Short Blades
  8313 | D:9      | Found a snail-covered altar of Cheibriados.
  8562 | D:10     | Entered Level 10 of the Dungeon
  8979 | D:10     | Noticed a two-headed ogre
  8985 | D:10     | Killed a two-headed ogre
  8996 | D:10     | Reached skill level 5 in Armour
  9596 | D:11     | Noticed a cyan ugly thing
  9605 | D:11     | Killed a cyan ugly thing
  9606 | D:11     | Reached XP level 11. HP: 18/99 MP: 15/15
  9856 | D:11     | Found a staircase to the Orcish Mines.
  9868 | D:11     | Noticed WhatIsLove's ghost (journeyman DjFE)
  9868 | D:11     | Noticed a lich
  9869 | D:11     | Noticed a necromancer
  9869 | D:11     | Noticed an ettin
  9870 | D:11     | Noticed a skeletal warrior
  9871 | D:11     | Noticed a skeletal warrior
  9871 | D:11     | Noticed a skeletal warrior
  9872 | D:11     | Noticed a war gargoyle
  9938 | D:11     | Noticed a boulder beetle
  9962 | D:11     | Killed a boulder beetle
  9984 | D:11     | Noticed a sixfirhy
  9990 | D:11     | Found Asaowas's Overcharged Wands.
  9998 | D:11     | Reached skill level 10 in Fighting
 10338 | D:11     | Found a runed translucent door.
 10340 | D:11     | Found a runed translucent door.
 10715 | Lair:1   | Entered Level 1 of the Lair of Beasts
 10996 | Lair:1   | Noticed Fannar
 11060 | Lair:1   | Killed Fannar
 11158 | Lair:1   | Noticed Jeremiah
 11267 | Lair:1   | Killed Jeremiah
 11326 | Lair:1   | Reached XP level 12. HP: 53/97 MP: 18/18
 11634 | Lair:1   | Noticed Erica
 11646 | Lair:1   | Killed Erica
 11647 | Lair:1   | Reached skill level 5 in Stealth
 11647 | Lair:1   | Reached skill level 5 in Evocations
 12146 | Lair:2   | Reached skill level 10 in Invocations
 12146 | Lair:2   | Found a gate leading to a gauntlet.
 12152 | Gauntlet | Entered a Gauntlet
 12152 | Gauntlet | Found a transporter.
 12152 | Gauntlet | Found a transporter.
 12159 | Gauntlet | Noticed a ghost crab
 12161 | Gauntlet | Found a transporter.
 12162 | Gauntlet | Found a transporter.
 12165 | Gauntlet | Noticed a death yak
 12165 | Gauntlet | Noticed a death yak
 12167 | Gauntlet | Noticed a death yak
 12172 | Gauntlet | Found a transporter.
 12239 | Gauntlet | Found a transporter.
 12249 | Gauntlet | Found a transporter.
 12264 | Gauntlet | Found a transporter.
 12274 | Gauntlet | Found a transporter.
 12289 | Gauntlet | Found a transporter.
 12295 | Gauntlet | Found a transporter.
 12316 | Gauntlet | Found a transporter.
 12410 | Gauntlet | Identified the +2 pair of boots of the Orb {SInv}
 12695 | Gauntlet | Reached skill level 10 in Dodging
 12776 | Gauntlet | Identified the +11 trident of the Turnip {venom, Contam
                  | *Rage rElec Dex+9}
 12776 | Gauntlet | Noticed a minotaur
 12786 | Gauntlet | Killed a minotaur
 12792 | Gauntlet | Identified the +0 ring mail "Ysilaa Ucott" {rPois Dex+2}
 13184 | Lair:2   | Found a staircase to the Swamp.
 13184 | Lair:2   | Noticed a ghost crab
 13200 | Lair:2   | Killed a ghost crab
 13458 | Lair:3   | Found a hole to the Spider Nest.
 13479 | Lair:3   | Reached XP level 13. HP: 37/116 MP: 12/20
 14040 | Lair:3   | Slain by a death yak

Illustrated notes

Levels and vault maps discovered:
D:1:      shiori_arrival_oz, layout_basic
D:2:      cheibrodos_fertilizer, layout_loops_ring,
          chequers_ecumenical_altar_island, hangedman_decor_diamond_cutter,
          due_unseen_surprise, uniq_sigmund, uniq_natasha
D:3:      layout_loops_ring, portal_sewer_entry_a
D:4:      layout_rooms, grunt_temple_overflow_open, uniq_eustachio
D:5:      layout_basic, ebering_ghost_reflecting_pool
D:6:      layout_cave_pods, nicolae_dithmenos_the_darkroom, kennysheep_mini,
          minmay_misc_feat_pillars, uniq_crazy_yiuf_cottage
D:7:      layout_loops_ring, nicolae_ru_great_annihilating_truth,
          nemelex_dance_club_becter, lemuel_temple_firewalk_b, serial_aquarium,
          aquarium_bridge_long_separate [aquarium_subvault_wall,
          aquarium_subvault_bridge, aquarium_subvault_window,
          aquarium_subvault_bridge, aquarium_subvault_bridge,
          aquarium_subvault_window], aquarium_bridge_island_small
          [aquarium_subvault_small_open, aquarium_subvault_bridge,
          aquarium_subvault_bridge, aquarium_subvault_wall,
          aquarium_subvault_wall], aquarium_window_2, aquarium_window_corner,
          aquarium_window_1, aquarium_view_2d, aquarium_view_2f
D:8:      layout_loops_cross, vehumet_altar_wand_db, bloody_makhleb
D:9:      layout_basic, minmay_overflow_temple_star_quad,
          kennysheep_slug_shrine, dk_vineyard_2
D:10:     layout_loops_ring, serial_ice, serial_ice_b, serial_ice_c,
          serial_ice_o, serial_ice_h, serial_ice_g, serial_ice_f, serial_ice_l,
          serial_ice_n
D:11:     layout_loops_ring, orc_0_dummy, muffindrake_ghost_dual_entry,
          nicolae_shop_overcharged_wands
Temple:   eino_temple_lava
Lair:1:   layout_gridlike, uniq_erica, uniq_jeremiah, uniq_fannar
Lair:2:   layout_gridlike, nicolae_swamp_entry_spooky, gauntlet_entry_generic,
          st_stairs_4, infiniplex_staircase_pool_2
Lair:3:   layout_small_grid, nicolae_spider_entry_lesser_pyramids, minivault_24,
          lemuel_fruit_tree

Skill      XL: |  1  2  3  4  5  6  7  8  9 10 11 12 13 |
---------------+----------------------------------------+-----
Long Blades    | 4 5 6 7 |  7.0
Fighting       | 4 5 6 7 8 9 10 11 | 11.9
Dodging        | 4 5 6 7 8 9 10 | 10.6
Invocations    | 1 4 6 7 9 10 11 | 11.1
Short Blades   | 1 3 4 6 7 8 |  8.7
Armour         | 3 5 6 8 |  8.6
Stealth        | 2 3 4 5 6 |  6.2
Evocations     | 2 3 4 5 6 |  6.1

Action                     |  1- 3 |  4- 6 |  7- 9 | 10-12 | 13-15 || total
---------------------------+-------+-------+-------+-------+-------++-------
  Melee: Falchion          |    52 |   116 |    48 |       |       ||   216
         Headbutt          |    11 |    29 |    47 |   122 |    20 ||   229
         Rapier            |       |       |   179 |   418 |    50 ||   647
  Throw: Dart              |       |       |       |     1 |       ||     1
 Invoke: Line Pass         |       |       |       |     6 |       ||     6
         Stomp             |       |       |       |     7 |     3 ||    10
  Evoke: Wand              |       |       |       |     4 |       ||     4
    Use: Scroll            |       |     4 |     2 |     7 |       ||    13
   Stab: Paralysed         |       |       |    10 |    34 |     5 ||    49
         Sleeping          |       |       |       |     1 |       ||     1
 Armour: Robe              |    16 |    69 |    61 |       |       ||   146
         Troll leather arm |       |       |    72 |   274 |    28 ||   374
  Dodge: Dodged            |    30 |   100 |   168 |   341 |    23 ||   662

Table legend: (Time is in decaauts)
 A = Elapsed time spent in this place.
 B = Non-inter-level travel time spent in this place.
 C = Inter-level travel time spent in this place.
 D = Time resting spent in this place.
 E = Time spent auto-exploring this place.
 F = Levels seen in this place.
 G = Mean time per level.
                   A        B        C        D        E       F      G
               +--------+--------+--------+--------+--------+-----+--------+
         Total |  13967 |  13072 |    895 |   1386 |   9473 |  17 |  821.6 |
       Dungeon |  10520 |   9707 |    813 |    891 |   7546 |  11 |  956.4 |
        Temple |      1 |      1 |      0 |      0 |      0 |   1 |    1.0 |
          Lair |   2537 |   2455 |     82 |    193 |   1588 |   3 |  845.7 |
         Sewer |    260 |    260 |      0 |    100 |    107 |   1 |  260.0 |
      Gauntlet |    647 |    647 |      0 |    202 |    232 |   1 |  647.0 |
               +--------+--------+--------+--------+--------+-----+--------+

Top non-repeatable levels by time:
     D:2: 1451 daAuts
     D:7: 1360 daAuts
    D:11: 1044 daAuts
     D:6: 1029 daAuts
    D:10: 1024 daAuts
  Lair:1: 1013 daAuts
     D:5: 947 daAuts
  Lair:2: 879 daAuts
     D:8: 859 daAuts
     D:3: 831 daAuts
     D:9: 726 daAuts
Gauntlet: 647 daAuts
  Lair:3: 644 daAuts
     D:1: 638 daAuts
     D:4: 606 daAuts
